 Dungeon Crawl Stone Soup version 0.30.2 (webtiles) character file.

Game seed: 14213123939464067132

2865 porpoise the Summoner (level 9, -1/54 HPs)
             Began as a Tengu Summoner on Feb 9, 2024.
             Was a Follower of Ashenzari.
             Slain by a wight
             ... wielding a +1 trident of freezing
              (4 damage)
             ... on level 7 of the Dungeon.
             The game lasted 00:34:42 (7052 turns).

porpoise the Summoner (Tengu Summoner)              Turns: 7052, Time: 00:34:43

Health: -1/54      AC:  6    Str:  8    XL:     9   Next: 75%
Magic:  8/17       EV: 17    Int: 24    God:    Ashenzari [*.....]
Gold:   591        SH:  0    Dex: 13    Spells: 8/18 levels left

rFire   . . .        a - +4 trident (venom)
rCold   . . .        (no shield)
rNeg    . . .        e - +0 robe of the Manifest Sun {Comp, Cun} (curse)
rPois   .            (helmet restricted)
rElec   .            (no cloak)
rCorr   .            s - +0 pair of gloves of the Pangnostic Planets {Alch, Comp} (curse)
SInv    .            (boots unavailable)
Will    .....        (no amulet)
Stlth   +++          u - +4 ring of protection
HPRegen 0.29/turn    (no ring)
MPRegen 0.15/turn

%: no passive effects
@: flying quickly and evasively, quick
A: beak, talons 3, nimble flight, clever 1, deformed body
a: Renounce Religion, Curse Item, Shatter the Chains


You were on level 7 of the Dungeon.
You worshipped Ashenzari.
Ashenzari was aware of your devotion.
You visited 2 branches of the dungeon, and saw 8 of its levels.
You also visited: Ossuary.

You collected 696 gold pieces.
You spent 105 gold pieces at shops.

Inventory:

Hand Weapons
 a - a +4 trident of venom (weapon)
 k - the +8 dagger "Zisobri" {antimagic, Str+5}
   (You found it on level 4 of the Dungeon)

   Str:       It affects your strength (+5).
 p - the +4 whip "Etaopsoo" {speed, rPois rF+ rC+ Str+4}
   (You found it on level 2 of the Dungeon)

   Str:       It affects your strength (+4).
   rF:        It protects you from fire.
   rC:        It protects you from cold.
   rPois:     It protects you from poison.
Missiles
 j - 5 poisoned darts
 r - 2 atropa-tipped darts
 w - 6 curare-tipped darts
Armour
 e - the cursed +0 robe of the Manifest Sun (worn) {Comp, Cun}

   It has a curse which improves the following skills: Companions: Summonings
   and Necromancy.
   Cunning:   Dodging and Stealth.
 s - the cursed +0 pair of gloves of the Pangnostic Planets (worn) {Alch, Comp}
   (You found it on level 3 of the Dungeon)

   It has a curse which improves the following skills: Alchemy: Poison Magic and
   Transmutations.
   Companions: Summonings and Necromancy.
Magical Staves
 z - a staff of air
Jewellery
 u - a +4 ring of protection (left hand)
 E - a ring of wizardry
Wands
 f - a wand of paralysis (17)
 n - a wand of flame (8)
 F - a wand of digging (3)
Scrolls
 c - a scroll of enchant armour
 d - 2 scrolls of silence
 g - a scroll of teleportation
 h - 2 scrolls of vulnerability
 l - a scroll of magic mapping
 m - a scroll of torment
 x - 2 scrolls of blinking
 y - 3 scrolls of fear
 C - a scroll of fog
Potions
 b - a potion of magic
 i - a potion of brilliance
 o - 2 potions of resistance
 q - 4 potions of mutation
 t - 3 potions of attraction
 v - a potion of degeneration
 A - 2 potions of haste
 B - a potion of might
 D - a potion of ambrosia


   Skills:
 - Level 5.0 Fighting
 + Level 5.0 Polearms
 + Level 5.6(6.4) Dodging
 - Level 4.6(5.4) Stealth
 - Level 5.0 Spellcasting
 - Level 8.5(9.8) Summonings
 + Level 6.1 Air Magic


You had 8 spell levels left.
You knew the following spells:

 Your Spells              Type           Power      Damage    Failure   Level
a - Summon Small Mammal   Summ           100%       N/A       1%          1
b - Call Imp              Summ           100%       N/A       1%          2
c - Call Canine Familiar  Summ           52%        N/A       1%          3
l - Summon Lightning Spi  Summ/Air       44%        N/A       3%          4

Your spell library contained the following spells:

 Spells                   Type           Power      Damage    Failure   Level
 Summon Guardian Golem    Hex/Summ       29%        N/A       3%          3
 Animate Armour           Summ/Erth      58%        N/A       12%         4
 Lesser Beckoning         Tloc           12%        N/A       13%         2
 Gell's Gravitas          Tloc           6%         N/A       26%         3
 Stone Arrow              Conj/Erth      12%        3d7       26%         3
 Teleport Other           Tloc           6%         N/A       26%         3
 Lehudib's Crystal Spear  Conj/Erth      3%         10d2      100%        8


Dungeon Overview and Level Annotations

Branches:
Dungeon (7/15)             Temple (1/1) D:5         Ossuary (visited)

Altars:
Ashenzari
Cheibriados
Dithmenos
Elyvilon
Fedhas
Gozag
Hepliaklqana
Kikubaaqudgha
Makhleb
Okawaru
Qazlal
Ru
Trog
Uskayaw
Vehumet
Xom
Yredelemnul
The Shining One

Shops:
D:4 ?:   D:7 *


Innate Abilities, Weirdness & Mutations

You have a beak for a mouth.
You have claws for feet.
Your magical nature lets you fly swiftly and evasively.
Your mind is acute. (Int +4, Str/Dex -1)
Armour fits poorly on your strangely shaped body.


Message History

Reach: a) +4 trident (venom)
Press: ? - help, Dir - move target, f/p - wight
Aim: a wight, wielding a +0 falchion and wearing a +0 robe (moderately damaged, ally target, about 35% to evade your +4 trident of venom)
You could not reach far enough!
Your wolf bites the wight.
The wight barely misses your wolf.
Your wolf barely misses the wight.
The wight hits your wolf with a +0 falchion!
The wight drains your wolf.
Reach: a) +4 trident (venom)
Press: ? - help, Dir - move target, f/p - wight
Aim: a wight, wielding a +0 falchion and wearing a +0 robe (moderately damaged, ally target, about 35% to evade your +4 trident of venom)
You could not reach far enough!
Your wolf bites the wight!
The wight hits your wolf with a +0 falchion.
Your wolf dies!
Your wolf's corpse disappears in a puff of smoke!
Casting: Call Canine Familiar (safe; 1% risk of failure)
Confirm with . or Enter, or press ? or * to list all spells.
The wight completely misses your wolf.
Casting: Call Canine Familiar (safe; 1% risk of failure)
Confirm with . or Enter, or press ? or * to list all spells.
Okay, then.
Reach: a) +4 trident (venom)
Press: ? - help, Dir - move target, f/p - wight
Aim: a wight, wielding a +0 falchion and wearing a +0 robe (severely damaged, ally target, about 35% to evade your +4 trident of venom)
You reach to attack!
You barely miss the wight.
The wight is severely damaged.
Your wolf bites the wight but does no damage.
Your wolf bites the wight!
The wight is destroyed!
Your life force feels restored.
The wight misses your wolf.
Your wolf barely misses the wight.
Reach: a) +4 trident (venom)
Press: ? - help, Dir - move target, f - you That would be overly suicidal.
Okay, then.
Unknown command.
Your wolf bites the wight but does no damage.
The wight hits you from afar with a +1 trident of freezing!
* * * LOW HITPOINT WARNING * * *
The wight freezes you.
You die...

### ♣♣♣**♣♣♣♣♣♣♣♣#.# ##
♣..,,,......♣#.# #.
♣...,,,.....♣#.# #.
♣...#####...♣#.# #.
♣.....#!....♣#.# ######'
♣.....#h@...♣#.# #......
♣.####z####..'.# #......
♣....)#.....♣#.# #......
♣.....#.....♣#.####......
♣...#####...♣#....'......
♣...,,,.....♣#....#......
♣..,,,......♣#..<.#......
♣♣***♣♣♣♣♣♣♣♣#....#......
#############
#....######'


You could see a wight (ally target) and a friendly wolf (summoned).

Vanquished Creatures
  A black bear (D:7)
  A scorpion (D:7)
  3 wights
  2 howler monkeys
  3 electric eels (D:7)
  3 crimson imps (D:4)
  A hound (D:6)
  3 orc priests
  An iguana (D:7)
  A sleepcap (D:6)
  6 orc wizards
  4 gnolls
  5 adders
  A shadow imp (D:6)
  An ufetubus (D:6)
  A worm (D:4)
  2 dart slugs (D:1)
  14 orcs
  3 endoplasms
  A giant cockroach (D:4)
  2 goblins
  4 hobgoblins
  A jackal (D:2)
  A quokka (D:5)
  6 ball pythons
  A bat (D:3)
  A frilled lizard (D:2)
  A kobold (D:3)
  A rat (D:3)
75 creatures vanquished.

Vanquished Creatures (collateral kills)
  Sigmund (D:4)
  A water moccasin (D:7)
  An ice beast (D:7)
  A sky beast (D:6)
  2 black bears
  2 scorpions
  5 wights
  4 killer bees (D:7)
  A crimson imp (D:4)
  A jelly (D:4)
  An orc priest (D:7)
  4 iguanas
  Natasha (twice) (D:3)
  4 orc wizards
  8 mummies (Ossuary)
  7 adders
  2 white imps
  A worm (D:4)
  2 dart slugs
  7 orcs
  6 endoplasms
  2 giant cockroaches (D:1)
  2 gnoll zombies (Ossuary)
  4 goblins
  3 hobgoblins
  A jackal (D:2)
  2 kobolds
  6 ball pythons
  2 bats
  A hobgoblin zombie (Ossuary)
  A kobold zombie (Ossuary)
  4 orc zombies (Ossuary)
  2 rats
93 creatures vanquished.

Grand Total: 168 creatures vanquished

Notes
Turn   | Place    | Note
-------+----------+-------------------------------------------
     0 | D:1      | porpoise the Tengu Summoner began the quest for the Orb.
     0 | D:1      | Reached XP level 1. HP: 10/10 MP: 4/4
   256 | D:1      | Reached skill level 5 in Summonings
   291 | D:1      | Reached XP level 2. HP: 7/15 MP: 3/6
   419 | D:1      | Learned a level 2 spell: Call Imp
   675 | D:1      | Reached XP level 3. HP: 17/19 MP: 5/7
   679 | D:1      | Learned a level 3 spell: Call Canine Familiar
  1409 | D:2      | Identified the +4 whip "Etaopsoo" {speed, rPois rF+ rC+
                  | Str+4}
  1733 | D:3      | Reached XP level 4. HP: 22/24 MP: 7/9
  1859 | D:3      | Noticed Natasha
  1869 | D:3      | Killed Natasha
  1870 | D:3      | Reached skill level 6 in Summonings
  2012 | D:3      | Gained mutation: Your magical nature lets you fly swiftly
                  | and evasively. [Tengu growth]
  2012 | D:3      | Reached XP level 5. HP: 28/28 MP: 5/10
  2122 | D:3      | Found an iron altar of Okawaru.
  2147 | D:3      | Noticed Natasha
  2153 | D:3      | Killed Natasha
  2778 | D:4      | Noticed Sigmund
  2914 | D:4      | Reached XP level 6. HP: 30/32 MP: 6/12
  3170 | D:4      | You are sucked into a shaft and drop 1 floor!
  3170 | D:5      | Entered Level 5 of the Dungeon
  3181 | D:5      | Noticed a black bear
  3194 | D:5      | Found a staircase to the Ecumenical Temple.
  3203 | Temple   | Entered the Ecumenical Temple
  3488 | Temple   | Became a worshipper of Ashenzari the Shackled
  3811 | D:4      | Killed Sigmund
  3812 | D:4      | Reached skill level 7 in Summonings
  3812 | D:4      | Reached XP level 7. HP: 34/36 MP: 8/14
  3833 | D:4      | Found Ficerouh's Book Boutique.
  3910 | D:4      | Identified the +8 dagger "Zisobri" {antimagic, Str+5}
  3917 | D:4      | Found a hide-covered altar of Uskayaw.
  4056 | D:4      | Gained mutation: Armour fits poorly on your strangely
                  | shaped body. [potion of mutation]
  4056 | D:4      | Gained mutation: Your mind is acute. (Int +4, Str/Dex -1)
                  | [potion of mutation]
  4154 | D:4      | Found a shadowy altar of Dithmenos.
  4310 | D:4      | Found Ytogorro's Magic Scroll Emporium.
  4313 | D:4      | Bought a scroll of blinking for 105 gold pieces
  4355 | D:4      | Found an ancient bone altar of Kikubaaqudgha.
  4463 | D:5      | Reached skill level 5 in Spellcasting
  4532 | D:4      | Reached skill level 8 in Summonings
  4557 | D:4      | Reached skill level 1 in Fighting
  4636 | D:4      | Learned a level 4 spell: Summon Lightning Spire
  4652 | D:4      | Reached XP level 8. HP: 34/44 MP: 13/16
  4728 | D:5      | Found a shimmering altar of Xom.
  5277 | D:6      | Reached skill level 5 in Fighting
  5317 | D:6      | Reached skill level 1 in Polearms
  5317 | D:6      | Reached skill level 1 in Air Magic
  5594 | D:6      | Reached * piety under Ashenzari
  5783 | D:6      | Found a burning altar of Makhleb.
  5827 | D:6      | Reached XP level 9. HP: 54/54 MP: 17/17
  5984 | D:7      | Found Hegyubro's General Store.
  6014 | D:7      | Found a radiant altar of Vehumet.
  6057 | D:7      | Found a sand-covered staircase.
  6065 | Ossuary  | Entered an ossuary
  6498 | D:7      | Found a blossoming altar of Fedhas.
  6501 | D:7      | Found an opulent altar of Gozag.
  6514 | D:7      | Reached skill level 5 in Dodging
  6514 | D:7      | Reached skill level 5 in Air Magic
  7039 | D:7      | Reached skill level 5 in Polearms
  7052 | D:7      | Slain by a wight

Illustrated notes

Levels and vault maps discovered:
D:1:      zelgadis_glass_arrival_small, layout_rooms
D:2:      layout_loops_cross
D:3:      layout_basic, mainiacjoe_overflow_paths,
          minmay_fractal_squares_gapless_5, uniq_natasha
D:4:      layout_cave_pools, nicolae_uskayaw_suspiria,
          nicolae_dithmenos_the_darkroom, kiku_gazebo_pond_becter, serial_shops,
          shop, nicolae_shop_rolled_up, uniq_sigmund
D:5:      layout_rooms, led_xom_imps, minmay_temple_entry_statues_fountains
D:6:      layout_cave_pools, mainiacjoe_overflow_surrounded_room,
          minmay_misc_feat_encased, kennysheep_doodads
D:7:      layout_basic, nicolae_overflow_squiral, mainiacjoe_overflow_catwalk,
          nicolae_ossuary_entry_plus, nicolae_stop_n_shop_2, dk_noncrumbling_3,
          kennysheep_generic_room_16
Temple:   minmay_temple_forest_path

Skill      XL: |  1  2  3  4  5  6  7  8  9 |
---------------+----------------------------+-----
Summonings     | 5 6 7 8 |  8.5
Spellcasting   | 3 4 5 |  5.0
Stealth        | 3 4 |  4.6
Fighting       | 1 5 |  5.0
Polearms       | 2 5 |  5.0
Air Magic      | 3 6 |  6.1
Dodging        | 3 5 |  5.6

Action                     |  1- 3 |  4- 6 |  7- 9 || total
---------------------------+-------+-------+-------++-------
  Melee: Unarmed           |     5 |       |       ||     5
         Short sword       |    15 |       |       ||    15
         Peck              |     5 |    10 |    18 ||    33
         Kick              |     5 |    16 |    30 ||    51
         Trident           |    15 |    75 |   164 ||   254
         Punch             |       |     1 |     1 ||     2
   Cast: Summon Small Mamm |    33 |     8 |       ||    41
         Call Canine Famil |     2 |    13 |    26 ||    41
         Call Imp          |     1 |     5 |    13 ||    19
         Summon Lightning  |       |       |     1 ||     1
 Invoke: Curse Item        |       |       |     2 ||     2
  Evoke: Wand              |       |       |     3 ||     3
    Use: Scroll            |     3 |     5 |     5 ||    13
         Potion            |       |     2 |     3 ||     5
   Stab: Sleeping          |     3 |     2 |     4 ||     9
         Distracted        |       |     1 |     1 ||     2
 Armour: Robe              |     6 |    36 |    35 ||    77
  Dodge: Dodged            |    25 |    59 |   100 ||   184
